 Dungeon Crawl Stone Soup version 0.29.1-12-g30fa7ad0bf (webtiles) character file.

Game seed: 16867280882154243797

197 Radix the Stinger (level 5, 0/30 (35) HPs)
             Began as a Demonspawn Venom Mage on Dec 30, 2022.
             Killed from afar by DemonSlayer's ghost (7 damage)
             ... with a blast of sand
             ... on level 3 of the Dungeon.
             The game lasted 00:17:30 (3330 turns).

Radix the Stinger (Demonspawn Venom Mage)           Turns: 3330, Time: 00:17:31

HP:   0/30 (35)     AC:  3    Str:  8    XL:     5   Next: 46%
MP:   11/11         EV: 12    Int: 18    God:
Gold: 170           SH:  0    Dex: 14    Spells: 9/12 levels left

rFire   . . .      SeeInvis .   e - +0 whip
rCold   . . .      Faith    .   (no shield)
rNeg    + . .      Spirit   .   a - +0 robe
rPois   .          Reflect  .   (helmet restricted)
rElec   .          Harm     .   (no cloak)
rCorr   .          Rampage  .   (no gloves)
Will    .....                   n - +0 pair of boots
Stlth   ++........              (no amulet)
HPRegen 0.10/turn               f - ring of positive energy
MPRegen 0.24/turn               (no ring)

@: heavily drained
A: antennae 1, spiny 1, magic regeneration
a: no special abilities


You were on level 3 of the Dungeon.
You visited 1 branch of the dungeon, and saw 4 of its levels.

You collected 170 gold pieces.

Inventory:

Hand Weapons
 e - a +0 whip (weapon)
Armour
 a - a +0 robe (worn)
 n - a +0 pair of boots (worn)
Jewellery
 f - a ring of positive energy (left hand)
 k - a ring of fire
 l - an amulet of guardian spirit
Scrolls
 c - a scroll of torment {unknown}
 g - 2 scrolls of noise {unknown}
 h - 3 scrolls of teleportation {unknown}
 j - 2 scrolls of identify {unknown}
 m - a scroll of enchant armour {unknown}
 p - a scroll of fear {unknown}
Potions
 b - a potion of magic
 d - 3 potions of lignification {unknown}
 i - a potion of haste {unknown}
 o - a potion of might {unknown}
 q - a potion of attraction {unknown}


   Skills:
 - Level 1.7 Dodging
 - Level 1.7 Stealth
 + Level 4.0 Spellcasting
 - Level 0.8 Transmutations
 + Level 4.9 Poison Magic


You had 9 spell levels left.
You knew the following spells:

 Your Spells              Type           Power      Damage    Failure   Level
a - Sting                 Tmut/Pois      52%        1d5       4%          1
b - Poisonous Vapours     Pois/Air       24%        N/A       9%          2

Your spell library contained the following spells:

 Spells                   Type           Power      Damage    Failure   Level
 Freeze                   Ice            12%        1d4       14%         1
 Sandblast                Erth           6%         2d5       14%         1
 Passwall                 Tmut/Erth      4%         N/A       19%         2
 Olgreb's Toxic Radiance  Pois           21%        N/A       21%         4
 Mephitic Cloud           Conj/Pois/Air  9%         N/A       22%         3
 Frozen Ramparts          Ice            6%         1d1       41%         3
 Stone Arrow              Conj/Erth      6%         3d7       41%         3
 Hailstorm                Conj/Ice       3%         3d3       82%         4
 Fireball                 Conj/Fire      1%         3d3       99%         5
 Iskenderun's Battlesphe  Conj           3%         2d6       99%         5
 Conjure Ball Lightning   Conj/Air       1%         3x3d6     100%        6
 Orb of Destruction       Conj           1%         9d5       100%        7


Dungeon Overview and Level Annotations

Branches:
Dungeon (4/15)
 Temple: D:4-7

Altars:

Annotations:
D:3 DemonSlayer's ghost, amateur DsEE


Innate Abilities, Weirdness & Mutations

You have a pair of small antennae on your head.
You are partially covered in sharp spines.
You regenerate magic rapidly.


Message History

DemonSlayer's ghost is lightly damaged.
DemonSlayer's ghost is struck by your spines.
DemonSlayer's ghost closely misses you.
You barely miss DemonSlayer's ghost.
DemonSlayer's ghost is lightly damaged.
DemonSlayer's ghost barely misses you. DemonSlayer's ghost hits you.
You partially resist.
You feel drained.
You hit DemonSlayer's ghost.
DemonSlayer's ghost is lightly damaged.
DemonSlayer's ghost is struck by your spines.
DemonSlayer's ghost hits you but does no damage.
You partially resist.
You hit DemonSlayer's ghost.
DemonSlayer's ghost is moderately damaged.
DemonSlayer's ghost is struck by your spines.
DemonSlayer's ghost hits you. You partially resist.
You feel drained.
You closely miss DemonSlayer's ghost. You punch DemonSlayer's ghost.
DemonSlayer's ghost is heavily damaged.
DemonSlayer's ghost barely misses you.
You hit DemonSlayer's ghost.
DemonSlayer's ghost is severely damaged.
DemonSlayer's ghost is struck by your spines.
DemonSlayer's ghost hits you. You partially resist.
You feel drained.
You hit DemonSlayer's ghost.
DemonSlayer's ghost is almost destroyed.
DemonSlayer's ghost points at you and mumbles some strange words.
The stone arrow misses you.
You barely miss DemonSlayer's ghost.
DemonSlayer's ghost is almost destroyed.
DemonSlayer's ghost hits you. You partially resist.
You feel drained.
You hit DemonSlayer's ghost but do no damage.
DemonSlayer's ghost is almost destroyed.
DemonSlayer's ghost points at you and mumbles some strange words.
The stone arrow hits you!
* * * LOW HITPOINT WARNING * * *
You closely miss DemonSlayer's ghost.
DemonSlayer's ghost is almost destroyed.
DemonSlayer's ghost gestures at you while chanting.
The blast of sand hits you!
You die...

## #. #...##...##... #
#..##.....##..
.#..#⌠.!♣?.⌠#..
....##.....##.. #...
.....##...##... #..#
......##.##.... #..#
#...#W#...## #..#
#..@....... #..#
##.......... #..#
######...)......#
#..####......#.........
##.......####..........#
##.####### ##.###....##
.........## #.# ....#
.#)####...####.# #.#.#
.#...).........# .#.#


You could see DemonSlayer's ghost.

Vanquished Creatures
  An orc priest (D:3)
  2 iguanas (D:4)
  4 adders
  A worm (D:3)
  9 orcs
  4 ball pythons
  5 endoplasms
  3 giant cockroaches (D:1)
  7 goblins
  9 hobgoblins
  4 jackals (D:2)
  5 kobolds
  2 quokkas
  4 bats
  2 frilled lizards (D:1)
  4 rats
66 creatures vanquished.

Notes
Turn   | Place    | Note
-------+----------+-------------------------------------------
     0 | D:1      | Radix the Demonspawn Venom Mage began the quest for the
                  | Orb.
     0 | D:1      | Reached XP level 1. HP: 13/13 MP: 3/3
   322 | D:1      | Gained mutation: You are partially covered in sharp spines.
                  | [demonic ancestry]
   322 | D:1      | Reached XP level 2. HP: 11/19 MP: 0/5
   678 | D:1      | Found a faded altar of an unknown god.
  1206 | D:2      | Gained mutation: You regenerate magic rapidly. [demonic
                  | ancestry]
  1206 | D:2      | Reached XP level 3. HP: 12/24 MP: 0/7
  1424 | D:2      | You fall into a shaft and drop 2 floors!
  1536 | D:4      | Reached XP level 4. HP: 30/30 MP: 6/9
  1947 | D:2      | Learned a level 2 spell: Poisonous Vapours
  2016 | D:2      | Gained mutation: You have a pair of small antennae on your
                  | head. [demonic ancestry]
  2016 | D:2      | Reached XP level 5. HP: 35/35 MP: 5/10
  3290 | D:3      | Found a runed translucent door.
  3291 | D:3      | Noticed DemonSlayer's ghost (amateur DsEE)
  3330 | D:3      | Killed from afar by DemonSlayer's ghost

Illustrated notes

Levels and vault maps discovered:
D:1:      psy_arrival_terrarium, layout_loops_ring,
          chequers_ecumenical_altar_simple, feat_on_display
D:2:      layout_basic
D:3:      layout_loops_ring, hellmonk_ghost_happy_afterlife
D:4:      layout_loops_cross, kennysheep_mini, nicolae_wu_jian_glorious_leap,
          temple_hall, kennysheep_generic_room_15

Skill      XL: |  1  2  3  4  5 |
---------------+----------------+-----
Spellcasting   | 3 4 |  4.0
Poison Magic   | 4 |  4.9
Dodging        | |  1.7
Stealth        | |  1.7
Transmutations | |  0.8

Action                   |  1- 3 |  4- 6 || total
-------------------------+-------+-------++-------
Melee: Unarmed           |     2 |       ||     2
       Whip              |     9 |    38 ||    47
       Punch             |       |     2 ||     2
 Cast: Sting             |    51 |    43 ||    94
       Poisonous Vapours |       |    10 ||    10
Armor: Robe              |     4 |     7 ||    11
Dodge: Dodged            |    10 |    19 ||    29
